 Dungeon Crawl Stone Soup version 0.31.0-32-g396128a36d (webtiles) character file.

Game seed: 17932052760299755115

424 Katie the Sneak (level 6, -7/46 HPs)
             Began as a Human Brigand on Apr 15, 2024.
             Was a Priest of Vehumet.
             Mangled by a hornet (10 damage)
             ... while paralysed by a hornet
             ... on level 5 of the Dungeon.
             The game lasted 00:17:52 (3461 turns).

Katie the Sneak (Human Brigand)                     Turns: 3461, Time: 00:17:53

Health: -7/46      AC: 12    Str: 12    XL:     6   Next: 96%
Magic:  7/7        EV:  2    Int: 13    God:    Vehumet [***...]
Gold:   225        SH:  0    Dex: 16    Spells: 1/7 levels left

rFire   + . .        u - +1 dagger (protect)
rCold   . . .        (no shield)
rNeg    . . .        a - +1 leather armour {rPois}
rPois   +            (no helmet)
rElec   .            c - +0 cloak
rCorr   .            (no gloves)
SInv    +            (no boots)
Will    .....        (no amulet)
Stlth   ++++         j - ring of see invisible
HPRegen 0.27/turn    m - ring of protection from fire
MPRegen 0.10/turn

%: no passive effects
@: paralysed, lethally poisoned (-7 -> -19), weak-willed, under a protective
aura, slowed
A: explore regen, thin skeletal structure 1, sense surroundings 1
a: Renounce Religion


You were on level 5 of the Dungeon.
You worshipped Vehumet.
Vehumet was most pleased with you.
You visited 1 branch of the dungeon, and saw 5 of its levels.

You collected 225 gold pieces.

Inventory:

Hand Weapons
 r - a +3 sling of draining
 u - a +1 dagger of protection (weapon)
Missiles
 e - 2 curare-tipped darts (quivered)
 k - 2 boomerangs
 o - 12 poisoned darts
Armour
 a - a +1 leather armour of poison resistance (worn)
 b - a +0 robe
 c - a +0 cloak (worn)
Jewellery
 j - a ring of see invisible (left hand)
 m - a ring of protection from fire (right hand)
 p - a ring of flight
 q - a +6 ring of intelligence
Talismans
 h - a maw talisman
Wands
 l - a wand of flame (31)
 t - a wand of paralysis (2)
Scrolls
 d - a scroll of revelation
 g - a scroll of poison
 n - a scroll of silence
Potions
 f - a potion of berserk rage
 i - 5 potions of heal wounds
 s - a potion of lignification


   Skills:
 * Level 2.4 Fighting
 * Level 3.0 Short Blades
 * Level 0.5 Ranged Weapons
 * Level 3.0 Throwing
 * Level 1.4 Armour
 * Level 1.9 Dodging
 * Level 5.0 Stealth
 * Level 1.0 Spellcasting
 * Level 1.2 Conjurations
 * Level 1.2 Summonings
 * Level 1.6 Necromancy
 * Level 1.0 Air Magic
 * Level 1.1 Evocations
 * Level 1.1 Shapeshifting


You had one spell level left.
You knew the following spells:

 Your Spells              Type           Power      Damage    Failure   Level
a - Kiss of Death         Conj/Necr      16%        2d6       5%          1
b - Summon Small Mammal   Summ           12%        N/A       22%         1
c - Shock                 Conj/Air       12%        1d3       6%          1
d - Vampiric Draining     Necr           4%         2d6       50%         3

Your spell library contained the following spells:

 Spells                   Type           Power      Damage    Failure   Level
 Hailstorm                Conj/Ice       2%         3d5       21%         3
 Sting                    Conj/Alch      8%         1d3       8%          1
 Necrotise                Necr           16%        1d4       19%         1
 Apportation              Tloc           0%         N/A       34%         1
 Slow                     Hex            0%         N/A       34%         1
 Fulminant Prism          Conj/Alch      1%         3d5       54%         4
 Ignite Poison            Fire/Alch      0%         N/A       63%         4
 Confusing Touch          Hex            0%         N/A       71%         3
 Sigil of Binding         Hex            0%         N/A       71%         3
 Dispel Undead            Necr           4%         3d7       88%         4


Dungeon Overview and Level Annotations

Branches:
Dungeon (5/15)
 Temple: D:4-7

Altars:
Fedhas
Vehumet
Xom
Yredelemnul


Innate Abilities, Weirdness & Mutations

You regain HP and MP as you explore.
You have a somewhat thin skeletal structure. (Dex +2, Stealth+)
You passively map a small area around you.


Message History

Press: ? - help, Shift-Dir - straight line, f/p - orc priest
Aim: an orc priest, wielding a +2 short sword of speed (lightly wounded, weak-willed, heavily drained, chance to affect: 63%)
The orc priest suddenly stops moving!
The hornet buzzes angrily.
You hear an angry hiss.
The orc hits you with a +0 flail.
The helpless orc priest fails to defend itself.
You impale the orc priest!!
Your weapon exudes an aura of protection.
You kill the orc priest!
Vehumet accepts your kill. The orc closely misses you.
Your Short Blades skill increases to level 3!
You hit the orc.
The orc is heavily wounded.
You barely miss the orc.
The orc is heavily wounded.
The orc hits you but does no damage. The hornet stings you.
You are poisoned.
You hit the orc but do no damage.
The orc is heavily wounded.
You feel very sick. The orc closely misses you.
A phantom comes into view.
The hornet stings you but does no damage.
You hit the orc.
You kill the orc!
Vehumet accepts your kill.
You feel sick. The hornet stings you.
You feel yourself slow down.
You feel very sick. The hornet attacks as it pursues you!
The hornet completely misses you. The hornet stings you!
You suddenly lose the ability to move!
You feel sick. The hornet stings you.
* * * LOW HITPOINT WARNING * * *
The hornet stings you.
* * * LOW HITPOINT WARNING * * *
You are lethally poisoned!
* * * LOW HITPOINT WARNING * * *
You feel very sick. The hornet stings you!
You die...

,
,#.....+........#
, ###...##.......#
, *#...##.......#
, * * ,
#...##......# ,, ,
,, , #...##......#
+ , #...........#
, < , ,
#...........##. ,
#...>..)....... *
#...@y)$W......
#...##.......<. ,
* **
#...##........., ,
,,
,................
.......##.....###.
, .......##.....#*
....... ........
,, .......
.......$ ,


You could see a hornet and a phantom.

Vanquished Creatures
  A howler monkey (D:3)
  A hound (D:4)
  A jelly (D:4)
  An orc priest (D:5)
  2 iguanas (D:4)
  Ijyb (D:4)
  Terence (D:2)
  An orc wizard (D:5)
  Natasha (D:4)
  Robin (D:4)
  2 adders (D:2)
  2 dart slugs
  A ribbon worm (D:2)
  4 orcs
  11 endoplasms
  3 giant cockroaches
  16 hobgoblins
  5 quokkas
  7 ball pythons
  10 bats
  4 frilled lizards
  11 goblins
  9 kobolds
  4 rats
100 creatures vanquished.

Vanquished Creatures (others)
  A giant cockroach (D:3)
  A hobgoblin (D:3)
  A kobold (D:3)
3 creatures vanquished.

Grand Total: 103 creatures vanquished

Notes
Turn   | Place    | Note
-------+----------+-------------------------------------------
     0 | D:1      | Katie the Human Brigand began the quest for the Orb.
     0 | D:1      | Reached XP level 1. HP: 16/16 MP: 1/1
   175 | D:1      | Found a faded altar of an unknown god.
   185 | D:1      | Prayed at the altar of an unknown god.
   185 | D:1      | Became a worshipper of Vehumet
   185 | D:1      | Reached * piety under Vehumet
   185 | D:1      | Offered knowledge of Kiss of Death by Vehumet.
   215 | D:1      | Reached XP level 2. HP: 22/22 MP: 2/2
   255 | D:1      | Learned a level 1 spell: Kiss of Death
   387 | D:1      | You fall into a shaft and drop 1 floor!
   397 | D:2      | Got the Incunable of Substances and the Salvo
   596 | D:1      | Reached XP level 3. HP: 27/27 MP: 3/3
   766 | D:1      | Learned a level 1 spell: Summon Small Mammal
   936 | D:2      | Noticed Terence
   962 | D:2      | Killed Terence
   963 | D:2      | Reached XP level 4. HP: 18/33 MP: 4/4
  1121 | D:2      | Offered knowledge of Shock by Vehumet.
  1126 | D:2      | Learned a level 1 spell: Shock
  1151 | D:2      | Reached ** piety under Vehumet
  1430 | D:2      | Reached skill level 1 in Necromancy
  2030 | D:3      | Found a shimmering altar of Xom.
  2056 | D:3      | Reached XP level 5. HP: 36/36 MP: 5/5
  2164 | D:3      | Found a blossoming altar of Fedhas.
  2178 | D:3      | Reached skill level 1 in Armour
  2446 | D:3      | Gained mutation: You have a somewhat thin skeletal
                  | structure. (Dex +2, Stealth+) [potion of mutation]
  2446 | D:3      | Gained mutation: You passively map a small area around you.
                  | [potion of mutation]
  2541 | D:4      | Reached skill level 1 in Summonings
  2541 | D:4      | Reached skill level 1 in Shapeshifting
  2543 | D:4      | Found a basalt altar of Yredelemnul.
  2666 | D:4      | Reached XP level 6. HP: 44/44 MP: 7/7
  2670 | D:4      | Learned a level 3 spell: Vampiric Draining
  2705 | D:4      | Noticed Ijyb
  2708 | D:4      | Noticed Robin
  2732 | D:4      | Killed Ijyb
  2733 | D:4      | Reached skill level 5 in Stealth
  2776 | D:4      | Killed Robin
  2777 | D:4      | Reached skill level 1 in Conjurations
  2782 | D:4      | Offered knowledge of Hailstorm by Vehumet.
  3250 | D:4      | Noticed Natasha
  3254 | D:4      | Killed Natasha
  3255 | D:4      | Reached skill level 1 in Evocations
  3275 | D:4      | Reached *** piety under Vehumet
  3389 | D:5      | Entered Level 5 of the Dungeon
  3447 | D:5      | Reached skill level 1 in Spellcasting
  3447 | D:5      | Reached skill level 1 in Air Magic
  3450 | D:5      | Noticed a hornet
  3459 | D:5      | Paralysed by a hornet for 3 turns
  3461 | D:5      | Mangled by a hornet

Illustrated notes

Levels and vault maps discovered:
D:1:      lemuel_arrival_broad_hall, layout_rooms,
          hellmonk_ecumenical_altar_run_dry
D:2:      layout_loops_ring, grunt_ministairs_14, uniq_terence
D:3:      layout_basic, xom_confusion_cloud, fedhas_ov_isle_minmay
D:4:      layout_gridville, mainiacjoe_overflow_paths, uniq_natasha, uniq_robin,
          uniq_ijyb
D:5:      layout_gridville, lemuel_zombie_altar_kikubaaqudgha

Skill      XL: |  1  2  3  4  5  6 |
---------------+-------------------+-----
Necromancy     | 1 |  1.6
Armour         | 1 |  1.4
Summonings     | 1 |  1.2
Shapeshifting  | 1 |  1.1
Stealth        | 5 |  5.0
Conjurations   | 1 |  1.2
Throwing       | 3 |  3.0
Evocations     | 1 |  1.1
Spellcasting   | 1 |  1.0
Air Magic      | 1 |  1.0
Short Blades   | 3 |  3.0
Fighting       | |  2.4
Ranged Weapons | |  0.5
Dodging        | |  1.9

Action                     |  1- 3 |  4- 6 || total
---------------------------+-------+-------++-------
  Melee: Dagger            |    67 |   141 ||   208
         Punch             |     1 |     2 ||     3
   Fire: Sling             |       |    13 ||    13
  Throw: Dart              |    21 |     9 ||    30
         Boomerang         |       |    30 ||    30
   Cast: Kiss of Death     |     1 |     1 ||     2
         Shock             |       |    23 ||    23
         Summon Small Mamm |       |     1 ||     1
  Evoke: Wand              |       |    12 ||    12
    Use: Scroll            |     4 |    10 ||    14
         Potion            |     1 |     4 ||     5
   Stab: Sleeping          |     5 |     8 ||    13
         Invisible         |     1 |       ||     1
         Paralysed         |       |     3 ||     3
 Armour: Robe              |    32 |    92 ||   124
         Leather armour    |       |    23 ||    23
  Dodge: Dodged            |    32 |   119 ||   151
